 Dungeon Crawl Stone Soup version 0.16-a0-2818-g1ef6e07 (webtiles) character file.

9739 BluebellGnoll the Impaler (level 11, -15/103 HPs)
             Began as a Minotaur Gladiator on Nov 28, 2014.
             Was an Elder of Ru.
             Demolished by a large slime creature (30 damage)
             ... on level 12 of the Dungeon.
             The game lasted 00:44:02 (12903 turns).

BluebellGnoll the Impaler (Minotaur Gladiator)     Turns: 12903, Time: 00:44:02

Health: -15/103    AC:  8    Str: 24    XL:     11   Next: 27%
Magic:  15/15      EV:  6    Int:  8    God:    Ru [****..]
Gold:   621        SH:  7    Dex: 10    Spells: 0 memorised, 10 levels left

rFire  . . .     SeeInvis .     a - +1 trident
rCold  . . .     Clarity  .     D - +3 leather armour
rNeg   + . .     SustAb   .     X - +0 shield
rPois  +         Gourm    .     c - +0 hat
rElec  .         Spirit   .     w - +1 cloak
rCorr  .         Warding  +     (no gloves)
rMut   .         Stasis   .     (no boots)
MR     .....                    o - amulet of warding
Stlth  ..........               y - ring of poison resistance
                                R - +3 ring of intelligence

@: not resistant to hostile enchantments, extremely unstealthy
A: retaliatory headbutt, horns 2, no device heal 1, no stealth, cowardly, no ice
magic, no necromancy magic, no translocations magic, slow reflexes 1
a: Draw Out Power, Power Leap, Renounce Religion


You were on level 12 of the Dungeon.
You worshipped Ru.
Ru was greatly pleased with you.
You were hungry.

You visited 2 branches of the dungeon, and saw 13 of its levels.

You collected 621 gold pieces.

Inventory:

Hand weapons
 a - a +1 trident (weapon)
 b - a +2 hunting sling of evasion
 l - a +1 spear of venom
 s - a +0 blowgun
Missiles
 h - 13 tomahawks (quivered)
 m - 124 stones
 p - 76 sling bullets
 u - a throwing net
 G - 4 needles of slowing
 J - 14 poisoned needles
 N - 9 sling bullets of frost
Armour
 c - a +0 hat (worn)
 w - a +1 cloak (worn)
 D - a +3 leather armour (worn)
 X - a +0 shield (worn)
Jewellery
 o - an amulet of warding (around neck)
 y - a ring of poison resistance (right hand)
 B - an uncursed ring of fire
 R - a +3 ring of intelligence (left hand)
Magical devices
 d - a wand of draining (11)
 K - a wand of digging (4)
 Q - a wand of confusion (39)
 T - a wand of magic darts (16)
Scrolls
 g - 2 scrolls of teleportation
 j - 3 scrolls of enchant armour
 n - 2 scrolls of blinking
 t - a scroll of magic mapping
 A - a scroll of fog
 E - a scroll of enchant weapon
 F - a scroll of remove curse
 I - a scroll of summoning
Potions
 e - 3 potions of restore abilities {unknown}
 i - 5 potions of heal wounds
 v - a potion of agility {unknown}
 z - a potion of magic
 C - a potion of lignification {unknown}
 H - a potion of might
 L - a potion of cancellation {unknown}
 M - 2 potions of curing
 O - 3 potions of haste
 P - a potion of flight {unknown}
Miscellaneous
 S - a phial of floods (inert, charging)
 W - a fan of gales
Comestibles
 f - 12 bread rations
 k - 5 beef jerkies
 q - 4 meat rations
 r - 4 fruits
 x - a slice of pizza
 U - 2 chunks of flesh
 V - a royal jelly


   Skills:
 - Level 11.6 Fighting
 - Level 15.3 Polearms
 + Level 3.1 Throwing
 - Level 3.2 Dodging
 - Level 6.1 Evocations


You had 10 spell levels left.
You didn't know any spells.

Dungeon Overview and Level Annotations

Branches:
Dungeon (12/15)            Temple (1/1) D:7            Lair (0/8) D:9
    Orc: D:9-12

Altars:
Cheibriados
Dithmenos
Elyvilon
Fedhas
Kikubaaqudgha
Okawaru
Qazlal
Ru
Xom
The Shining One


Innate Abilities, Weirdness & Mutations

You reflexively headbutt those who attack you in melee.
You have a pair of horns on your head.
Potions and wands are less effective at restoring your health.
You cannot be stealthy.
You are a coward.
You cannot study or cast Ice magic.
You cannot study or cast Necromancy magic.
You cannot study or cast Translocations magic.
You have somewhat slow reflexes. (-3 EV)


Message History

* * * LOW HITPOINT WARNING * * *
You are too injured to fight recklessly!
You are too injured to fight recklessly!
You are too injured to fight recklessly!
You are too injured to fight recklessly!
You are too injured to fight recklessly!
You are too injured to fight recklessly!
You hit the large slime creature.
Your headbutt misses the large slime creature.
The large slime creature is moderately wounded.
You hit the large slime creature.
The large slime creature is moderately wounded.
The large slime creature hits you!
* * * LOW HITPOINT WARNING * * *
You hit the large slime creature. You headbutt the large slime creature.
The large slime creature is moderately wounded.
You puncture the large slime creature! You headbutt the large slime creature!
The large slime creature is heavily wounded.
The large slime creature hits you!!
You die...

..# ###... .#.... .....
#...# ...# ..# #J# #@#
######### #.# #.......#
#.# #.#####.# #.#
#.#####.######.######
#...................#
....#.###..###.#.#.##.#
#........# #.....##.#
#.######.#
#.....##.#######


You could see a large slime creature.

Vanquished Creatures
  Erica (D:11)
  The ghost of Johnny the Quickloader, an experienced DgWn (D:11)
  The ghost of Johnny the Reanimator, an experienced DgNe (D:11)
  Erolcha (D:11)
  An unseen horror (D:11)
  Joseph (D:8)
  A centaur skeleton (D:10)
  A troll (D:10)
  2 slime creatures (D:12)
  A hungry ghost (D:11)
  2 wyverns (D:10)
  A spriggan (D:9)
  A steam dragon (D:7)
  2 hippogriffs
  A water moccasin (D:7)
  3 ice beasts
  2 sky beasts
  3 orc warriors
  Purgy (D:3)
  3 phantoms
  3 centaurs
  2 ogres
  6 giant frogs
  4 scorpions
  A wyvern skeleton (D:10)
  18 wights
  3 goliath beetles (D:6)
  A giant frog zombie (D:5)
  4 crimson imps
  4 orc priests
  3 hounds
  3 iguanas
  5 jellies
  Crazy Yiuf (D:2)
  14 orc wizards
  A gnoll shaman (D:5)
  8 worker ants
  Ijyb (D:6)
  Robin (D:2)
  16 adders
  5 gnolls (D:5)
  2 giant mites
  2 shadow imps
  An adder zombie (D:6)
  4 giant geckos
  An ooze (D:5)
  45 orcs
  2 ball pythons (D:2)
  9 bats
  A bat skeleton (D:6)
  4 giant cockroaches
  16 goblins
  19 hobgoblins
  4 jackals
  5 quokkas
  4 giant newts
  10 kobolds
  9 rats
272 creatures vanquished.

Notes
Turn   | Place    | Note
--------------------------------------------------------------
     0 | D:1      | BluebellGnoll, the Minotaur Gladiator, began the quest for the Orb.
     0 | D:1      | Reached XP level 1. HP: 18/18 MP: 1/1
   162 | D:1      | Reached skill level 4 in Polearms
   456 | D:1      | Reached XP level 2. HP: 25/25 MP: 1/1
   633 | D:2      | Noticed Robin
   639 | D:2      | Reached skill level 5 in Polearms
   648 | D:2      | Killed Robin
   648 | D:2      | Reached XP level 3. HP: 30/30 MP: 2/2
   947 | D:2      | Reached skill level 6 in Polearms
   947 | D:2      | Reached XP level 4. HP: 16/37 MP: 2/2
  1309 | D:2      | Noticed Crazy Yiuf
  1318 | D:2      | Killed Crazy Yiuf
  1737 | D:3      | Reached XP level 5. HP: 42/46 MP: 2/2
  1786 | D:3      | Found a sacrificial altar of Ru.
  1803 | D:3      | Noticed Purgy
  1814 | D:3      | Killed Purgy
  1814 | D:3      | Reached skill level 5 in Fighting
  1814 | D:3      | Reached XP level 6. HP: 28/56 MP: 3/3
  1936 | D:3      | Became a worshipper of Ru the Awakened
  2567 | D:4      | Found an iron altar of Okawaru.
  2567 | D:4      | Found an ancient bone altar of Kikubaaqudgha.
  2568 | D:4      | Found a stormy altar of Qazlal.
  2654 | D:4      | Got a smoking flail
  2797 | D:4      | Gained mutation: You cannot be stealthy. [Ru sacrifice]
  3164 | D:5      | Entered Level 5 of the Dungeon
  3303 | D:5      | Reached skill level 7 in Polearms
  3382 | D:5      | Reached XP level 7. HP: 45/64 MP: 3/3
  3606 | D:5      | Reached skill level 8 in Polearms
  4103 | D:5      | Reached skill level 9 in Polearms
  4503 | D:6      | Found a blossoming altar of Fedhas.
  4551 | D:6      | Reached XP level 8. HP: 51/71 MP: 3/3
  4560 | D:6      | Noticed Ijyb
  4569 | D:6      | Killed Ijyb
  4674 | D:6      | Found a snail-covered altar of Cheibriados.
  4818 | D:6      | Reached skill level 10 in Polearms
  4819 | D:6      | Gained mutation: You are a coward. [Ru sacrifice]
  4819 | D:6      | Acquired Ru's first power
  4819 | D:6      | Acquired Ru's second power
  5202 | D:6      | Reached skill level 11 in Polearms
  5842 | D:7      | Found a staircase to the Ecumenical Temple.
  6004 | D:7      | Reached skill level 12 in Polearms
  6399 | D:7      | Reached XP level 9. HP: 67/78 MP: 4/4
  6673 | D:7      | Gained mutation: You have somewhat slow reflexes. (-3 EV) [Ru sacrifice]
  6940 | D:7      | Found a glowing golden altar of the Shining One.
  6940 | D:7      | Found a shadowy altar of Dithmenos.
  7056 | D:8      | Found a shimmering altar of Xom.
  7107 | D:8      | Noticed Joseph
  7116 | D:8      | Killed Joseph
  7537 | D:8      | Reached skill level 10 in Fighting
  7723 | D:8      | Got a smoking dagger
  8269 | D:9      | Found a staircase to the Lair.
  8764 | Temple   | Entered the Ecumenical Temple
  8867 | D:9      | Reached XP level 10. HP: 43/96 MP: 4/4
  9002 | D:10     | Entered Level 10 of the Dungeon
  9006 | D:10     | Reached skill level 13 in Polearms
  9179 | D:10     | Gained mutation: Potions and wands are less effective at restoring your health. [Ru sacrifice]
  9179 | D:10     | Acquired Ru's third power
  9464 | D:10     | Found a white marble altar of Elyvilon.
  9607 | D:10     | Reached skill level 14 in Polearms
 10461 | D:11     | Noticed Erica
 10505 | D:11     | Killed Erica
 10914 | D:11     | Killed an unseen horror
 10914 | D:11     | Reached skill level 15 in Polearms
 11230 | D:11     | Reached skill level 1 in Evocations
 11251 | D:11     | Found a sacrificial altar of Ru.
 11315 | D:11     | Noticed Johnny's ghost (experienced DgNe)
 11323 | D:11     | Killed Johnny's ghost
 11413 | D:11     | Noticed Johnny's ghost (experienced DgWn)
 11433 | D:11     | Killed Johnny's ghost
 11433 | D:11     | Reached XP level 11. HP: 49/103 MP: 9/11
 11721 | D:11     | Noticed Erolcha
 11731 | D:11     | Killed Erolcha
 11731 | D:11     | Reached skill level 5 in Evocations
 11809 | D:11     | Gained mutation: You cannot study or cast Translocations magic. [Ru sacrifice]
 11809 | D:11     | Gained mutation: You cannot study or cast Necromancy magic. [Ru sacrifice]
 11809 | D:11     | Gained mutation: You cannot study or cast Ice magic. [Ru sacrifice]
 11809 | D:11     | Acquired Ru's fourth power
 12903 | D:12     | Demolished by a large slime creature

Action                   |  1- 3 |  4- 6 |  7- 9 | 10-12 || total
-------------------------+-------+-------+-------+-------++-------
Melee: Trident           |    73 |   156 |   508 |   345 ||  1082
Throw: Tomahawk          |       |     3 |    22 |    19 ||    44
       Stone             |       |     2 |    11 |    11 ||    24
       Throwing net      |       |     3 |     6 |       ||     9
Invok: Sacrifice Stealth |       |     1 |       |       ||     1
       Sacrifice Courage |       |       |     1 |       ||     1
       Sacrifice Health  |       |       |     1 |       ||     1
       Sacrifice Purity  |       |       |       |     1 ||     1
       Sacrifice Arcana  |       |       |       |     1 ||     1
Evoke: Phial of floods   |       |       |       |     1 ||     1
  Use: Potion            |     1 |       |     1 |     2 ||     4
       Scroll            |       |     7 |    10 |     5 ||    22
 Stab: Held in net/web   |       |     1 |     3 |       ||     4
       Invisible         |       |       |       |     2 ||     2
  Eat: Chunk             |       |     7 |    18 |    13 ||    38
       Fruit             |       |       |       |     2 ||     2
